cohdb
Replays
Latest Replays
All Replays
Popular Replays
Top Player Replays
Match Explorer
How It Works
Community
CoH3 Stats
Reddit
Sign in to upload your games and track your stats! →
Sign in with Steam
Match 47047601
Unlisted
Match 47047601
Overview
Messages
Build Orders
End
Construct Barracks
Riflemen Squad
1⁄4-ton 4x4 Truck
M1 Mortar Team
Riflemen Squad
Construct Medical Station
Mechanized Support Center
Selects Heavy Weapons
Selects M2HB .50cal Heavy Machine Gun
M1918 Browning Automatic Rifles
Riflemen Squad
Construct Motor Pool
Selects Assault Carriers
Selects Exchangeable Parts
M24 Chaffee Light Tank
Designate Forward Repair Station
Construct Tank Depot
M1 Anti-tank Gun Team
M4A1 Sherman Medium Tank
Engineer Squad
M4A1 76mm Conversion
Grenade Package
Bruistablet
Leviathan
Soapbottle
hzyybzc
Treno Ghepardo Super Veloce
renweareren
Ms
巨SSS巨
0
0
Comments
sign in to comment!
No comments posted yet!